 Dungeon Crawl Stone Soup version 0.31.0 (webtiles) character file.

Game seed: 8456865559673742490

52 qw the Shooter (level 3, -3/22 HPs)
             Began as a Gargoyle Hunter on Jan 19, 2024.
             Incinerated by a bombardier beetle (4 damage)
             ... with a burning spray
             ... on level 2 of the Dungeon.
             The game lasted 00:00:03 (787 turns).

qw the Shooter (Gargoyle Hunter)                     Turns: 787, Time: 00:00:04

Health: -3/22      AC:  8    Str: 14    XL:     3   Next: 85%
Magic:  3/3        EV: 10    Int:  9    God:
Gold:   76         SH:  0    Dex: 15    Spells: 2/2 levels left

rFire   . . .        a - +2 shortbow
rCold   . . .        (shield currently unavailable)
rNeg    + . .        j - +0 ring mail
rPois   inf          (no helmet)
rElec   +            (no cloak)
rCorr   .            (no gloves)
SInv    .            (no boots)
Will    .....        h - amulet of faith
Stlth   +            (no ring)
HPRegen 0.23/turn    (no ring)
MPRegen 0.08/turn

%: faith
@: on fire, glowing
A: sickness immunity, AC +3, negative energy resistance 1, electricity
resistance, torment resistance 1, petrification resistance
a: no special abilities


You were on level 2 of the Dungeon.
You visited 1 branch of the dungeon, and saw 2 of its levels.

You collected 76 gold pieces.


Innate Abilities, Weirdness & Mutations

You are immune to sickness and miasma.
Your stone body is resilient. (AC +3)
You are immune to poison.
You resist negative energy. (rN+)
You are resistant to electric shocks. (rElec)
You are resistant to unholy torment.
You are immune to petrification.


   Skills:
 + Level 2.7 Fighting
 - Level 5.0 Ranged Weapons
 - Level 1.0 Armour
 - Level 1.5 Dodging
 - Level 1.1 Stealth


You had 2 spell levels left.
You didn't know any spells.
Your spell library was empty.

Inventory:

Hand Weapons
 a - a +2 shortbow (weapon)
Armour
 j - a +0 ring mail (worn)
Jewellery
 h - an amulet of faith (around neck)
Potions
 b - a potion of cancellation {unknown}
 c - a potion of curing {unknown}
 d - 4 potions of mutation
 e - 3 potions of haste

Dungeon Overview and Level Annotations

Branches:
Dungeon (2/15)

Altars:


Message History

Found 8 stones.
Found a mace.
c - a red potion You now have 76 gold pieces (gained 10).
You see here 8 stones.
There is an open door here.
There is an open door, spattered with blood here.
You see here an adder corpse.
There is an open door here.
A bombardier beetle and a goblin come into view.
You shoot an arrow.
The arrow hits the bombardier beetle but does no damage.
You shoot an arrow.
The arrow hits the bombardier beetle but does no damage.
The bombardier beetle sprays incendiary fluid at you.
The burning spray hits you.
You are covered in liquid fire!
You shoot an arrow.
The arrow hits the bombardier beetle but does no damage.
The liquid fire burns you!
You shoot an arrow.
The arrow hits the bombardier beetle but does no damage.
The liquid fire burns you!
The bombardier beetle waves its antennae.
You shoot an arrow.
The arrow barely misses the bombardier beetle.
The arrow hits the goblin!
You kill the goblin!
The liquid fire burns you!
You shoot an arrow. The arrow hits the bombardier beetle!
The bombardier beetle is heavily wounded.
The liquid fire burns you!
You shoot an arrow. The arrow hits the bombardier beetle.
The bombardier beetle is heavily wounded.
The liquid fire burns you! The bombardier beetle bites you.
You shoot an arrow. The arrow hits the bombardier beetle!
You kill the bombardier beetle!
The liquid fire burns you!
You die...

#..............#
#.##.#########<#
#.#..# #.#
#.#..# #.#
#.#..# #.#
#.#..# #.#
#.#..# #.#
#.#..####.#. #.#
#.##@...)... #.#
#.############.#
#.#####........#
#.%.....########
#.####### ###


There were no monsters in sight!

Vanquished Creatures
  A bombardier beetle (D:2)
  A gnoll (D:1)
  2 adders (D:2)
  4 ball pythons (D:1)
  2 bats (D:1)
  4 endoplasms
  A giant cockroach (D:1)
  2 goblins
  4 hobgoblins (D:1)
  2 kobolds (D:1)
  2 rats (D:1)
25 creatures vanquished.

Notes
Turn   | Place    | Note
-------+----------+-------------------------------------------
     0 | D:1      | qw the Gargoyle Hunter began the quest for the Orb.
     0 | D:1      | Reached XP level 1. HP: 12/12 MP: 1/1
     0 | D:1      | 0 ||| qw: Version: 0.3-a-132-g3d54051
     0 | D:1      | 0 ||| qw: Game counter: 163
     0 | D:1      | 0 ||| qw: Melee chars always use a shield: true
     0 | D:1      | 0 ||| qw: God list: Okawaru
     0 | D:1      | 0 ||| qw: Allow faded altars: false
     0 | D:1      | 0 ||| qw: Do Orc after clearing Dungeon:15 true
     0 | D:1      | 0 ||| qw: Do second Lair branch before Depths: true
     0 | D:1      | 0 ||| qw: Lair rune preference: random
     0 | D:1      | 0 ||| qw: Goals: Normal
     0 | D:1      | 0 ||| PLANNING D:1-11
   159 | D:1      | Reached XP level 2. HP: 17/17 MP: 2/2
   342 | D:1      | Reached XP level 3. HP: 21/21 MP: 3/3
   346 | D:1      | Reached skill level 5 in Ranged Weapons
   443 | D:1      | 443 ||| UPGRADING to +0 ring mail.
   453 | D:1      | 453 ||| DROPPING +0 leather armour.
   454 | D:1      | 454 ||| UPGRADING to amulet of faith.
   459 | D:1      | 459 ||| READING 3 scrolls labelled UXOCUN POMASTRE.
   459 | D:1      | 459 ||| IDENTIFYING silvery potion
   460 | D:1      | 460 ||| READING 2 scrolls of identify.
   460 | D:1      | 460 ||| IDENTIFYING 3 cyan potions
   461 | D:1      | 461 ||| READING scroll of identify.
   461 | D:1      | 461 ||| IDENTIFYING 4 yellow potions
   462 | D:1      | 462 ||| READING scroll labelled MOTSIO ICEXA.
   462 | D:1      | 462 ||| ENCHANTING +0 shortbow.
   463 | D:1      | 463 ||| DROPPING scroll of butterflies.
   464 | D:1      | 464 ||| DROPPING potion of ambrosia.
   520 | D:2      | Reached skill level 1 in Armour
   570 | D:2      | 570 ||| READING scroll of enchant weapon.
   570 | D:2      | 570 ||| ENCHANTING +1 shortbow.
   631 | D:2      | 631 ||| FLEEEEING.
   786 | D:2      | HP: 2/22 [burnt (5)]
   787 | D:2      | Incinerated by a bombardier beetle

Levels and vault maps discovered:
D:1:      enne_arrival_octagon_isle, layout_rooms
D:2:      minmay_wonky_spiral, layout_basic

Skill      XL: |  1  2  3 |
---------------+----------+-----
Ranged Weapons | 5 |  5.0
Armour         | 1 |  1.0
Fighting       | |  2.7
Dodging        | |  1.5
Stealth        | |  1.1

Action                     || total
---------------------------++-------
   Fire: Shortbow          ||    77
    Use: Scroll            ||     5
 Armour: Leather armour    ||     4
         Ring mail         ||    20
  Dodge: Dodged            ||    11

Table legend:
 A = Non-vault XP
 B = Vault XP
 C = Vault XP percentage of total XP
 D = Non-vault monster count
 E = Vault monster count
 F = Vault count percentage of total count
                 A         B        C        D         E       F
            +---------+---------+-------+---------+---------+-------
      Total |      74 |      49 |  39.8 |      23 |       2 |   8.0
            +---------+---------+-------+---------+---------+-------
        D:1 |      46 |       0 |   0.0 |      20 |       0 |   0.0
        D:2 |      28 |      49 |  63.6 |       3 |       2 |  40.0
            +---------+---------+-------+---------+---------+-------
